[Event "Titled Tuesday Blitz July 25 Late 2023"]
[White "Schnaider, Ilan"]
[Black "Terletsky, Oleg"]
[WhiteFideId "169013"]
[BlackFideId "14116774"]
[WhiteElo "2732"]
[BlackElo "2516"]
[Result "1-0"]
[Round "8"]
[TimeControl "180+2"]
[Date "2023.07.25"]
[WhiteClock "0:00:10"]
[BlackClock "0:00:06"]
[Board "50"]

1. e4 e5 2. Nf3 Nc6 3. Bc4 Nf6 4. d3 h6 5. O-O d6 6. a4 g6 7. Nc3 Bg7 8. a5 a6 9. h3 O-O 10. Re1 Nh5 11. Nd5 Ne7 12. c3 Nxd5 13. Bxd5 c6 14. Bb3 Kh7 15. d4 Qe7 16. Be3 Nf4 17. dxe5 dxe5 18. Bxf4 exf4 19. e5 Be6 20. Bc2 Kh8 21. Nd4 Qg5 22. Qf3 Bd5 23. Be4 Bxe5 24. Bxd5 Bxd4 25. Bxc6 Bxf2+ 26. Qxf2 bxc6 27. b4 Rad8 28. Rad1 Qf6 29. Qf3 Rxd1 30. Rxd1 Re8 31. Rf1 g5 32. Qd3 Kg7 33. Kh1 Re3 34. Qxa6 Qxc3 35. Qc8 Re1 36. Qa6 Re3 37. Qb6 Rxh3+ 38. Kg1 Rg3 39. Qf2 h5 40. a6 Qxb4 41. a7 Qa5 42. Qd4+ Kh7 43. Ra1 Qxa1+ 44. Qxa1 f3 45. a8=Q Rxg2+ 46. Kh1 h4 47. Q8h8+ Kg6 48. Qaf6# 1-0


[Site "https://www.chess.com"]

[Event "Titled Tuesday Blitz July 25 Late 2023"]
[White "O`Gorman, Tom"]
[Black "Matinian, Nikita"]
[WhiteFideId "2508249"]
[BlackFideId "24129100"]
[WhiteElo "2511"]
[BlackElo "2730"]
[Result "0-1"]
[Round "8"]
[TimeControl "180+2"]
[Date "2023.07.25"]
[WhiteClock "0:00:16"]
[BlackClock "0:00:11"]
[Board "51"]

1. d4 Nf6 2. c4 e6 3. Nc3 Bb4 4. f3 c5 5. d5 d6 6. e4 b5 7. Ne2 bxc4 8. Nf4 e5 9. Ne2 Ng8 10. Ng3 Ne7 11. Bxc4 h5 12. h4 Ng6 13. Bg5 f6 14. Be3 Kf7 15. Kf2 Bxc3 16. bxc3 Nd7 17. Nf5 Nb6 18. Bb5 Bxf5 19. exf5 Ne7 20. g4 Kf8 21. Bc6 Rc8 22. Qd2 Nxc6 23. dxc6 Rxc6 24. g5 d5 25. Rhd1 Qd7 26. Qd3 d4 27. Bc1 Nd5 28. Ba3 Ne7 29. cxd4 exd4 30. Rac1 Qxf5 31. Qxf5 Nxf5 32. Bxc5+ Kf7 33. Bxa7 Rxc1 34. Rxc1 Ra8 35. Rc7+ Kg6 36. gxf6 gxf6 37. Rd7 Nxh4 38. Kg3 Nf5+ 39. Kf4 h4 40. Kg4 Rh8 41. Kh3 Rh7 42. Rxh7 Kxh7 43. Bc5 Kg6 44. Kg4 Kf7 45. a4 d3 46. Bb4 Ke6 47. Bd2 Kd5 48. a5 Kc6 49. Kh3 Kb5 50. Kg4 Nd4 51. Kf4 h3 52. Kg3 h2 53. Kg2 Nxf3 54. Be3 d2 55. Bxd2 Nxd2 56. Kxh2 Ne4 57. Kh3 f5 58. Kg2 Kxa5 59. Kf3 Kb5 60. Kf4 Nd6 61. Ke5 Kc6 0-1


[Site "https://www.chess.com"]

[Event "Titled Tuesday Blitz July 25 Late 2023"]
[White "Plotkin, Victor"]
[Black "Adewumi, Tanitoluwa"]
[WhiteFideId "2606674"]
[BlackFideId "30966396"]
[WhiteElo "2503"]
[BlackElo "2685"]
[Result "0-1"]
[Round "8"]
[TimeControl "180+2"]
[Date "2023.07.25"]
[WhiteClock "0:00:07"]
[BlackClock "0:00:26"]
[Board "52"]

1. e4 c5 2. c3 Nf6 3. e5 Nd5 4. d4 cxd4 5. Nf3 e6 6. Bc4 Nc6 7. cxd4 d6 8. O-O Be7 9. Nc3 Nxc3 10. bxc3 dxe5 11. Nxe5 Nxe5 12. dxe5 O-O 13. Qh5 b6 14. Rd1 Qc7 15. Bd3 g6 16. Qh6 Bb7 17. Bg5 Bxg5 18. Qxg5 Rad8 19. h4 Qxc3 20. Rac1 Qa3 21. Bxg6 Rxd1+ 22. Rxd1 hxg6 23. h5 Qa4 24. Rd6 Qe4 25. Rd7 Bc6 26. Rc7 Bd5 27. Rxa7 Qf5 28. Qxf5 gxf5 29. f3 Kg7 30. Kh2 Rh8 31. Ra6 Rxh5+ 32. Kg3 b5 33. Rb6 Bxa2 34. Rxb5 Bd5 35. Kf4 Rh4+ 36. Kg5 Rh6 37. Rc5 Rg6+ 38. Kf4 Rxg2 39. Rc7 Rf2 40. Rc3 Rxf3+ 41. Rxf3 Bxf3 42. Kxf3 f6 43. Kf4 fxe5+ 44. Kxe5 Kg6 0-1


[Site "https://www.chess.com"]

[Event "Titled Tuesday Blitz July 25 Late 2023"]
[White "Alboredo, Julia"]
[Black "Goltsev, Dmitry"]
[WhiteFideId "2124807"]
[BlackFideId "24176710"]
[WhiteElo "2488"]
[BlackElo "2672"]
[Result "0-1"]
[Round "8"]
[TimeControl "180+2"]
[Date "2023.07.25"]
[WhiteClock "0:02:20"]
[BlackClock "0:02:54"]
[Board "53"]

1. e4 e6 2. d4 d5 3. Bd3 c5 4. exd5 exd5 5. c3 Nf6 6. Nf3 Bd6 7. dxc5 Bxc5 8. h3 O-O 9. O-O Qd6 10. Nbd2 Nc6 11. Nb3 Bb6 12. Bg5 h6 13. Bh4 g5 14. Bg3 Qxg3 15. Nbd4 Qd6 16. Bc2 Nxd4 17. Nxd4 Bxd4 18. Qxd4 Re8 0-1


[Site "https://www.chess.com"]

[Event "Titled Tuesday Blitz July 25 Late 2023"]
[White "Weetik, Vjacheslav"]
[Black "slidingknight2775"]
[WhiteFideId "4153472"]
[WhiteElo "2671"]
[BlackElo "2484"]
[Result "1-0"]
[Round "8"]
[TimeControl "180+2"]
[Date "2023.07.25"]
[WhiteClock "0:00:17"]
[BlackClock "0:00:00"]
[Board "54"]

1. d4 Nf6 2. c4 e6 3. g3 d5 4. Nf3 Be7 5. Bg2 O-O 6. O-O dxc4 7. Qc2 b5 8. a4 Bb7 9. axb5 a6 10. Nc3 axb5 11. Rxa8 Bxa8 12. Nxb5 Bd5 13. Nc3 c5 14. dxc5 Qa5 15. e4 Bc6 16. e5 Nd5 17. Bg5 Qxc5 18. Ne4 Qb4 19. Nd4 Ba4 20. Qb1 h6 21. Bxe7 Qxe7 22. Nd6 Nd7 23. f4 N7b6 24. Qe4 Bd7 25. f5 exf5 26. N4xf5 Bxf5 27. Nxf5 Qe6 28. Bh3 Kh8 29. Bg4 Qg6 30. Bf3 Re8 31. Nd6 Rf8 32. Qd4 Qe6 33. Bg4 Qg6 34. e6 1-0


[Site "https://www.chess.com"]

[Event "Titled Tuesday Blitz July 25 Late 2023"]
[White "Danielyan, Vahe"]
[Black "Grossboss19"]
[WhiteFideId "13304828"]
[WhiteElo "2644"]
[BlackElo "2480"]
[Result "0-1"]
[Round "8"]
[TimeControl "180+2"]
[Date "2023.07.25"]
[WhiteClock "0:02:21"]
[BlackClock "0:01:50"]
[Board "55"]

1. d4 f5 2. g4 fxg4 3. h3 d5 4. hxg4 Bxg4 5. Bh3 Bxh3 6. Nxh3 Nf6 7. Ng5 Qd7 8. Nc3 Nc6 9. Bf4 a6 10. Qd2 e6 11. O-O-O O-O-O 12. f3 h6 13. Nh3 g5 14. Nxg5 hxg5 15. Rxh8 gxf4 16. Qxf4 Bg7 17. Rxd8+ Nxd8 18. Rg1 Qf7 19. Na4 Ne8 20. Qxf7 Nxf7 21. e3 b6 22. Nc3 Kd7 23. Ne2 Bh6 24. Kd2 Ned6 25. b3 Nf5 26. f4 N7d6 27. Rh1 Ne4+ 28. Ke1 Bf8 29. Rh3 Bb4+ 30. Kf1 Bd2 0-1


[Site "https://www.chess.com"]

[Event "Titled Tuesday Blitz July 25 Late 2023"]
[White "Shuvalova, Polina"]
[Black "marik_spb"]
[WhiteFideId "24171760"]
[WhiteElo "2631"]
[BlackElo "2475"]
[Result "1-0"]
[Round "8"]
[TimeControl "180+2"]
[Date "2023.07.25"]
[WhiteClock "0:00:13"]
[BlackClock "0:00:00"]
[Board "56"]

1. e4 c6 2. d4 d5 3. exd5 cxd5 4. Bd3 Nf6 5. c3 Bg4 6. Ne2 Nc6 7. O-O e6 8. Bf4 Bd6 9. Bxd6 Qxd6 10. Nd2 O-O 11. a4 a6 12. f3 Bh5 13. Re1 Rfe8 14. Ng3 Bg6 15. Bxg6 hxg6 16. Qb3 Na5 17. Qa3 Qxa3 18. Rxa3 Nc4 19. Nxc4 dxc4 20. a5 Rab8 21. Ra4 b5 22. axb6 Rxb6 23. Re2 Reb8 24. Ra2 Nd5 25. Ne4 Nf4 26. Rd2 Nd3 27. Nc5 Rxb2 28. Nxd3 Rxa2 29. Rxa2 cxd3 30. Kf2 Rb3 31. c4 Rc3 32. Ke3 Rxc4 33. Kxd3 Rc6 34. h4 f6 35. g4 Kh7 36. Ke4 Kh6 37. Ra5 Rb6 38. h5 gxh5 39. Rxh5+ Kg6 40. Ra5 Rc6 41. Ke3 Rd6 42. Ke4 Kf7 43. Rc5 g5 44. Rc7+ Kg6 45. Ra7 Rb6 46. Ra8 Kf7 47. Ra7+ Kg6 48. Ra8 Rd6 49. Ra7 Rc6 50. Kd3 f5 51. Ke3 Kf6 52. gxf5 exf5 53. d5 Rb6 54. Kd4 g4 55. Kc5 Rb5+ 56. Kc6 gxf3 57. d6 f2 58. d7 f1=Q 59. d8=Q+ Ke5 60. Qd6+ Ke4 61. Re7+ Kf3 62. Qa3+ Kf4 63. Qe3+ 1-0


[Site "https://www.chess.com"]

[Event "Titled Tuesday Blitz July 25 Late 2023"]
[White "MateoReyes"]
[Black "Tanaka, Taira Tyler"]
[BlackFideId "7002351"]
[WhiteElo "2474"]
[BlackElo "2629"]
[Result "1/2-1/2"]
[Round "8"]
[TimeControl "180+2"]
[Date "2023.07.25"]
[WhiteClock "0:00:50"]
[BlackClock "0:00:20"]
[Board "57"]

1. Nf3 b6 2. g3 Bb7 3. Bg2 g6 4. d4 Bg7 5. c4 e6 6. Nc3 d6 7. O-O Ne7 8. e4 Nd7 9. Bg5 h6 10. Be3 a6 11. Qd2 Nf6 12. Qc2 O-O 13. Rfe1 Rc8 14. h3 c5 15. dxc5 bxc5 16. Rad1 Qb6 17. a3 Rfd8 18. b4 Nd7 19. Na4 Qc7 20. b5 axb5 21. cxb5 Ra8 22. Bd2 Nc8 23. Bc3 Bf8 24. Bb2 Qa5 25. Nc3 Ncb6 26. e5 d5 27. Nh4 Nc4 28. Nxg6 Nxb2 29. Nxf8 Nxd1 30. Nxd7 Nxc3 31. Nf6+ Kf8 32. Qh7 Ke7 33. Qxh6 Ne4 34. Rd1 Qc3 35. Nxe4 dxe4 36. Qf6+ Ke8 37. Qh8+ Ke7 38. Qf6+ Ke8 39. Qh8+ Ke7 40. Qf6+ 1/2-1/2


[Site "https://www.chess.com"]

[Event "Titled Tuesday Blitz July 25 Late 2023"]
[White "Salik, Serkan"]
[Black "Toncheva, Nadya"]
[WhiteFideId "30952492"]
[BlackFideId "2924056"]
[WhiteElo "2610"]
[BlackElo "2465"]
[Result "0-1"]
[Round "8"]
[TimeControl "180+2"]
[Date "2023.07.25"]
[WhiteClock "0:00:03"]
[BlackClock "0:00:40"]
[Board "58"]

1. d4 d5 2. c4 dxc4 3. Nf3 Nf6 4. e3 Bg4 5. Bxc4 e6 6. h3 Bh5 7. O-O a6 8. Qe2 Bd6 9. e4 e5 10. dxe5 Bxf3 11. Qxf3 Bxe5 12. Rd1 Qe7 13. Nc3 O-O 14. Bg5 c6 15. Re1 Nbd7 16. Rad1 h6 17. Bh4 Rad8 18. Bb3 Nc5 19. Qe3 Nxb3 20. axb3 Qb4 21. f4 Bd4 22. Rxd4 Qxd4 23. e5 Qxe3+ 24. Rxe3 Nd5 25. Rg3 Rd7 26. Ne4 Kh8 27. Rf3 b6 28. Bf2 c5 29. Nd6 f6 30. Nc4 fxe5 31. Nxe5 Rd6 32. f5 Kg8 33. g4 Re8 34. Bg3 Rdd8 35. Nc4 b5 36. Ne5 Nf6 37. Kg2 Rd2+ 38. Rf2 Rxf2+ 39. Kxf2 Ne4+ 0-1


[Site "https://www.chess.com"]

[Event "Titled Tuesday Blitz July 25 Late 2023"]
[White "Sivakumar, Shaashwath"]
[Black "Ismayil, Malak"]
[WhiteFideId "30912156"]
[BlackFideId "13412604"]
[WhiteElo "2607"]
[BlackElo "2455"]
[Result "0-1"]
[Round "8"]
[TimeControl "180+2"]
[Date "2023.07.25"]
[WhiteClock "0:00:04"]
[BlackClock "0:00:04"]
[Board "59"]

1. d4 Nf6 2. c4 e6 3. Nf3 d5 4. g3 dxc4 5. Bg2 Be7 6. O-O O-O 7. Qc2 a6 8. a4 Bd7 9. Rd1 Bc6 10. Nc3 Nbd7 11. e4 Bb4 12. d5 exd5 13. e5 Bxc3 14. bxc3 Ne4 15. Bf4 Qe7 16. h4 h6 17. h5 Rfd8 18. Re1 Ndc5 19. Bf1 Ne6 20. Be3 N6g5 21. Nxg5 Nxg5 22. Bg2 Ne4 23. Bf4 Nc5 24. e6 Nxe6 25. Be5 Qg5 26. Re3 Qxh5 27. f4 d4 28. cxd4 Bxg2 29. Kxg2 Nxd4 30. Qe4 Nb3 31. Ra2 Qd1 32. Qxc4 Nd2 33. Qc3 Qf1+ 34. Kh2 Nb1 35. Qa1 Rd1 36. g4 Qh1+ 37. Kg3 Rg1+ 38. Rg2 Qxg2+ 39. Kh4 Qxg4# 0-1


[Site "https://www.chess.com"]

[Event "Titled Tuesday Blitz July 25 Late 2023"]
[White "Balla, Tamas-Kristof"]
[Black "Piesik, Piotr"]
[WhiteFideId "1208497"]
[BlackFideId "1136194"]
[WhiteElo "2461"]
[BlackElo "2602"]
[Result "0-1"]
[Round "8"]
[TimeControl "180+2"]
[Date "2023.07.25"]
[WhiteClock "0:00:13"]
[BlackClock "0:02:12"]
[Board "60"]

1. e4 g6 2. d4 Bg7 3. Nc3 c6 4. f4 d5 5. e5 Nh6 6. h3 Nf5 7. Nf3 Ng3 8. Rg1 Bf5 9. Bd3 h5 10. Be3 h4 11. Bf2 Bxd3 12. Qxd3 Nf5 13. O-O-O e6 14. Ng5 Bf8 15. Ne2 Be7 16. Nf3 Nd7 17. Nd2 b5 18. Kb1 a5 19. c3 Qb6 20. Rc1 Qa6 21. Qc2 Nb6 22. g4 hxg3 23. Nxg3 Rxh3 24. Nxf5 gxf5 25. Rg8+ Kd7 26. Rcg1 Rxg8 27. Rxg8 Rh1+ 28. Bg1 b4 29. b3 Qe2 30. Kb2 bxc3+ 31. Qxc3 Bb4 0-1


[Site "https://www.chess.com"]

[Event "Titled Tuesday Blitz July 25 Late 2023"]
[White "Rangel, Daniel"]
[Black "Medina Paz, Miguel"]
[WhiteFideId "2124475"]
[BlackFideId "7300379"]
[WhiteElo "2451"]
[BlackElo "2590"]
[Result "1/2-1/2"]
[Round "8"]
[TimeControl "180+2"]
[Date "2023.07.25"]
[WhiteClock "0:00:11"]
[BlackClock "0:01:15"]
[Board "61"]

1. c4 e6 2. g3 Nf6 3. Bg2 d5 4. Nf3 Be7 5. O-O O-O 6. b3 c6 7. Bb2 b6 8. d3 Bb7 9. Nbd2 c5 10. e3 Nc6 11. Qe2 Qc7 12. a3 a5 13. a4 Rfd8 14. Rad1 d4 15. e4 Nd7 16. Bc1 Re8 17. Nb1 Bd6 18. Na3 Ba6 19. Nh4 g6 20. f4 f5 21. Nb5 Bxb5 22. cxb5 Nb4 23. e5 Be7 24. Bxa8 Rxa8 25. Nf3 Qb7 26. Nd2 Nd5 27. Qf3 Qc8 28. Nc4 Kf7 29. Rde1 Qc7 30. Re2 Re8 31. Bd2 Bf8 32. Rg2 Ke7 33. Kh1 Kd8 34. h3 Kc8 35. g4 Qb7 36. gxf5 exf5 37. h4 Be7 38. h5 Nf8 39. Kg1 Kb8 40. Qh3 Qd7 41. Qf3 Qe6 42. Rff2 Rd8 43. Re2 Qf7 44. hxg6 hxg6 45. Rh2 Ne6 46. Reg2 Kc7 47. Rh3 Nf8 48. Rgh2 Qg7 49. Kf2 Qf7 50. Rh8 Qe6 51. R8h6 Qf7 52. Qg2 Qe6 53. Qf3 Qf7 54. Qg2 Qe6 55. Qf3 1/2-1/2


[Site "https://www.chess.com"]

[Event "Titled Tuesday Blitz July 25 Late 2023"]
[White "Bettalli, Francesco"]
[Black "Hajiyev, Kanan"]
[WhiteFideId "2816453"]
[BlackFideId "13404148"]
[WhiteElo "2443"]
[BlackElo "2585"]
[Result "1-0"]
[Round "8"]
[TimeControl "180+2"]
[Date "2023.07.25"]
[WhiteClock "0:01:22"]
[BlackClock "0:00:16"]
[Board "62"]

1. e4 c6 2. d4 d5 3. e5 a6 4. f4 Nh6 5. Bd3 Bf5 6. Nf3 e6 7. O-O c5 8. c3 Nc6 9. Be3 Qb6 10. dxc5 Qxb2 11. Bxf5 Nxf5 12. Bc1 Bxc5+ 13. Kh1 Qb5 14. a4 Qc4 15. Nfd2 Ne3 16. Nxc4 Nxd1 17. Nd6+ Bxd6 18. exd6 Nxc3 19. Nxc3 Kd7 20. Ba3 Rhc8 21. Rab1 Na5 22. f5 Rxc3 23. fxe6+ fxe6 24. Rf7+ Ke8 25. Rbf1 Rxa3 26. Re7+ 1-0


[Site "https://www.chess.com"]

[Event "Titled Tuesday Blitz July 25 Late 2023"]
[White "Attacker_2006"]
[Black "Vega Gutierrez, Sabrina"]
[BlackFideId "2219026"]
[WhiteElo "2574"]
[BlackElo "2437"]
[Result "1-0"]
[Round "8"]
[TimeControl "180+2"]
[Date "2023.07.25"]
[WhiteClock "0:01:47"]
[BlackClock "0:00:00"]
[Board "63"]

1. e4 c5 2. Nc3 Nc6 3. Bb5 Nd4 4. Nf3 a6 5. Bd3 Nc6 6. O-O e6 7. Nd5 d6 8. Ne3 Nf6 9. c3 Be7 10. Bc2 O-O 11. d4 cxd4 12. cxd4 d5 13. e5 Ne4 14. a3 Bd7 15. Ne1 f6 16. f3 Ng5 17. h4 Nf7 18. f4 Qb6 19. Qd3 g6 20. Nf3 Na7 21. Rf2 Rac8 22. h5 f5 23. hxg6 hxg6 24. g4 Bb5 25. Qb3 Qc7 26. gxf5 gxf5 27. Bd2 Nh6 28. Rg2+ Kf7 29. Bb4 Bxb4 30. Ng5+ Ke7 31. Qxb4+ Kd7 32. Nxd5 1-0


[Site "https://www.chess.com"]

[Event "Titled Tuesday Blitz July 25 Late 2023"]
[White "Pham, Le Thao Nguyen"]
[Black "Sztokbant, Bernardo Vainzoff"]
[WhiteFideId "12401226"]
[BlackFideId "2115956"]
[WhiteElo "2574"]
[BlackElo "2442"]
[Result "1-0"]
[Round "8"]
[TimeControl "180+2"]
[Date "2023.07.25"]
[WhiteClock "0:00:09"]
[BlackClock "0:00:03"]
[Board "64"]

1. d4 Nf6 2. c4 e6 3. Nf3 d5 4. Nc3 Be7 5. Bf4 O-O 6. e3 b6 7. cxd5 exd5 8. Be2 Be6 9. O-O Nbd7 10. Ba6 Ne8 11. Bb7 Rb8 12. Bxd5 Bg4 13. Bc6 Ndf6 14. Qa4 a5 15. h3 Bh5 16. Ne5 Nd6 17. Rac1 Qc8 18. Nd7 Nxd7 19. Bxd7 Qd8 20. Bc6 Bg6 21. Nd5 Bg5 22. Bh2 Bf5 23. Rfd1 Bh6 24. Nf4 Qg5 25. Bf3 Rbc8 26. Kh1 Qh4 27. Bg3 Qd8 28. Nd5 Bd7 29. Qc2 Nf5 30. Bxc7 Qh4 31. Qe4 Qxf2 32. Ne7+ Nxe7 33. Qxe7 Bxh3 34. Bg3 Qxg3 35. Bd5 Rxc1 36. Rxc1 Bxe3 37. Rf1 Bxg2+ 38. Bxg2 Bxd4 39. Rxf7 Rxf7 40. Qe8+ Rf8 41. Bd5+ 1-0


[Site "https://www.chess.com"]

[Event "Titled Tuesday Blitz July 25 Late 2023"]
[White "EsmeraldasAnderson03"]
[Black "Vovk, Orest"]
[BlackFideId "14113490"]
[WhiteElo "2434"]
[BlackElo "2567"]
[Result "0-1"]
[Round "8"]
[TimeControl "180+2"]
[Date "2023.07.25"]
[WhiteClock "0:00:00"]
[BlackClock "0:00:39"]
[Board "65"]

1. d4 Nh6 2. Bxh6 gxh6 3. e4 c5 4. c3 Qb6 5. Qb3 cxd4 6. Qxb6 axb6 7. cxd4 Nc6 8. d5 Nb4 9. Kd2 Rxa2 10. Rxa2 Nxa2 11. Na3 Bg7 12. Nc4 b5 13. Nb6 O-O 14. Nf3 d6 15. Nxc8 Rxc8 16. Bxb5 Bxb2 17. Rb1 Bf6 18. Bd3 Rc7 19. Ng1 Bg5+ 20. Ke1 Nc3 21. Rb3 Na4 22. Ne2 Nc5 23. Rc3 Nxd3+ 24. Rxd3 Bf6 25. Rb3 Kg7 26. Ng3 e6 27. Nh5+ Kg6 28. Nf4+ Kg5 29. g3 e5 30. Ng2 Kg4 0-1


[Site "https://www.chess.com"]

[Event "Titled Tuesday Blitz July 25 Late 2023"]
[White "Yu, Jennifer"]
[Black "Fonseca Manrique, Enrique"]
[WhiteFideId "2078341"]
[BlackFideId "5114330"]
[WhiteElo "2378"]
[BlackElo "2560"]
[Result "1/2-1/2"]
[Round "8"]
[TimeControl "180+2"]
[Date "2023.07.25"]
[WhiteClock "0:00:07"]
[BlackClock "0:00:15"]
[Board "66"]

1. d4 Nf6 2. c4 c5 3. d5 b5 4. cxb5 a6 5. bxa6 g6 6. Nc3 Bg7 7. e4 O-O 8. Nf3 Qa5 9. Bd2 Bxa6 10. Bxa6 Qxa6 11. Qe2 d6 12. Qxa6 Nxa6 13. Ke2 Rfb8 14. Rab1 Nd7 15. b3 Nb4 16. a4 Rb7 17. Nb5 Na6 18. Rhc1 Rab8 19. Rc2 Bf6 20. g4 Bg7 21. h4 h6 22. g5 h5 23. Ne1 Ne5 24. f4 Ng4 25. Nd3 Kf8 26. Nf2 Nxf2 27. Kxf2 Ke8 28. Ke3 Kd7 29. Bc3 Bxc3 30. Rxc3 Nc7 31. Nxc7 Rxc7 32. e5 Rcb7 33. Kd3 Rb4 34. exd6 exd6 35. Rf1 Rxb3 36. f5 gxf5 37. Rxf5 Ke7 38. Rf1 R3b4 39. a5 Rd4+ 40. Kc2 Ra4 41. Re3+ Kf8 42. g6 Rb7 43. Ref3 Rxa5 44. Rxf7+ Rxf7 45. Rxf7+ Kg8 46. Rd7 Ra4 47. Rxd6 Kg7 48. Rc6 Rxh4 49. Rxc5 Kxg6 50. Rc8 Rd4 51. Rg8+ Kf5 52. Rh8 Kg4 53. Rd8 h4 54. Kc3 Rd1 55. Kc4 h3 56. Rh8 Kg3 57. Kc5 h2 58. d6 h1=Q 59. Rxh1 Rxh1 60. d7 Rd1 61. Kc6 Kf4 62. Kc7 Rc1+ 63. Kb7 Rd1 64. Kc7 Rxd7+ 65. Kxd7 1/2-1/2


[Site "https://www.chess.com"]

[Event "Titled Tuesday Blitz July 25 Late 2023"]
[White "Przybylski, Wojciech"]
[Black "kripri"]
[WhiteFideId "1117599"]
[WhiteElo "2549"]
[BlackElo "2368"]
[Result "1-0"]
[Round "8"]
[TimeControl "180+2"]
[Date "2023.07.25"]
[WhiteClock "0:00:07"]
[BlackClock "0:00:03"]
[Board "67"]

1. d4 d5 2. c4 e6 3. Nf3 Nf6 4. Nc3 c6 5. Bg5 Nbd7 6. e3 Qa5 7. Bxf6 Nxf6 8. Nd2 Bb4 9. Qc2 O-O 10. Bd3 c5 11. Nb3 Qc7 12. dxc5 dxc4 13. Bxc4 Bxc5 14. O-O Bd6 15. g3 Qxc4 16. Rfd1 Be5 17. Nd4 Bxd4 18. Rxd4 Qc6 19. Rad1 e5 20. Rh4 Be6 21. Rc1 h6 22. Qe2 Rac8 23. Re1 Rfd8 24. a3 Bc4 25. Qc2 Bd3 26. Qb3 Qf3 27. Qa4 e4 28. Rf4 Qh5 29. Qxa7 Ng4 30. h4 Ne5 31. Kg2 Nf3 32. Rd1 Qe5 33. Qxb7 Rc7 34. Qb6 Rcd7 35. Rc1 Nd2 36. a4 Nc4 37. Qb5 Qxb5 38. axb5 Nxb2 39. Nxe4 Bxe4+ 40. Rxe4 Nd3 41. Rb1 Rb7 42. Rc4 Rdb8 43. Rd4 Ne5 44. Rd5 Nd7 45. f4 Kf8 46. e4 Ke7 47. e5 Nb6 48. Rc5 Nd7 49. Rd5 Rb6 50. Kf3 R8b7 51. Ke4 g6 52. g4 Nf8 53. f5 gxf5+ 54. gxf5 Rc7 55. Kd4 Nd7 56. h5 Rb8 57. Re1 Rbc8 58. e6 Rc4+ 59. Kd3 Rc3+ 60. Kd2 fxe6 61. Rxe6+ Kf8 62. Rxd7 Rc2+ 63. Ke3 R8c3+ 64. Kf4 Rc4+ 65. Ke5 Re2+ 66. Kf6 Rxe6+ 67. fxe6 Rf4+ 68. Kg6 Rb4 69. Rb7 Re4 70. Kf6 Rf4+ 71. Ke5 Rg4 72. Kd6 Rg5 73. e7+ Kf7 74. Rb8 Rg8 75. Rxg8 Kxg8 76. e8=Q+ Kg7 77. Qe7+ Kh8 78. Ke6 Kg8 79. Kf6 1-0


[Site "https://www.chess.com"]

[Event "Titled Tuesday Blitz July 25 Late 2023"]
[White "Korpics, Zsolt"]
[Black "Karamsetty, Jeevan"]
[WhiteFideId "705241"]
[BlackFideId "2025337"]
[WhiteElo "2361"]
[BlackElo "2539"]
[Result "0-1"]
[Round "8"]
[TimeControl "180+2"]
[Date "2023.07.25"]
[WhiteClock "0:00:00"]
[BlackClock "0:00:33"]
[Board "68"]

1. e4 e5 2. Nf3 Nc6 3. Bb5 a6 4. Ba4 Nf6 5. O-O Be7 6. Re1 b5 7. Bb3 d6 8. c3 O-O 9. h3 Bb7 10. d4 exd4 11. cxd4 Na5 12. Bc2 c5 13. d5 Nc4 14. b3 Ne5 15. Nxe5 dxe5 16. Bb2 Bd6 17. Nd2 Qc7 18. Rc1 Nd7 19. Nf1 Rae8 20. Ne3 g6 21. Qg4 Nf6 22. Qg5 Nh5 23. Ng4 f6 24. Qd2 Bc8 25. g3 Qg7 26. Kh2 f5 27. exf5 gxf5 28. Ne3 f4 29. Nf1 fxg3+ 30. fxg3 Nf6 31. Be4 Kh8 32. Rc3 Qd7 33. Bg2 Qg7 34. Rce3 Nd7 35. R3e2 Rf5 36. Re3 Ref8 37. Re4 Rf2 38. R1e2 Rxf1 39. Bxf1 Rxf1 40. Rf2 Rxf2+ 41. Qxf2 Nf6 42. Re2 Qh6 43. Bxe5 Bxe5 44. Qe3 Qxh3+ 0-1


[Site "https://www.chess.com"]

[Event "Titled Tuesday Blitz July 25 Late 2023"]
[White "Martinez Reyes, Pedro Ramon"]
[Black "campochess"]
[WhiteFideId "3901807"]
[WhiteElo "2536"]
[BlackElo "2205"]
[Result "0-1"]
[Round "8"]
[TimeControl "180+2"]
[Date "2023.07.25"]
[WhiteClock "0:00:19"]
[BlackClock "0:00:13"]
[Board "69"]

1. d4 c5 2. d5 Nf6 3. c4 d6 4. Nc3 Bf5 5. f3 h6 6. e4 Bh7 7. Bd3 e5 8. Nge2 Na6 9. a3 Be7 10. Be3 Nc7 11. b4 b6 12. Bc2 O-O 13. Ba4 a5 14. bxc5 bxc5 15. Bc6 Rb8 16. Nb5 Nfe8 17. Nec3 f5 18. O-O Nf6 19. exf5 Bxf5 20. Nxc7 Qxc7 21. Nb5 Qd8 22. Qa4 Bd7 23. Bd2 Ra8 24. Bxa8 Qxa8 25. Qxa5 Qe8 26. Qc7 Bxb5 27. cxb5 Nxd5 28. Qc6 Qxc6 29. bxc6 Rc8 30. a4 Rxc6 31. a5 Ra6 32. Rfb1 Kf7 33. Rb7 Ke6 34. Rab1 Bg5 35. Be1 Be3+ 36. Kf1 g5 37. Ke2 Bd4 38. Kd3 Nf4+ 39. Kc4 Nxg2 40. Kb5 Ra8 41. a6 Kd5 42. Ba5 c4 43. Bb6 c3 44. a7 Ne3 45. Rc7 Bxb6 46. Kxb6 Kd4 47. Rb4+ Kd3 48. Rb3 Nd5+ 49. Kb7 Rxa7+ 50. Kxa7 Nxc7 51. Kb6 Nd5+ 52. Kc6 Nf4 53. Kxd6 Kd2 54. Kxe5 c2 55. Rb2 Nd3+ 56. Kf5 Nxb2 57. Kg6 c1=Q 58. Kh5 Ke3 59. h3 Kxf3 60. h4 Nd3 61. Kg6 Qc7 62. Kh5 Nf4+ 63. Kxh6 gxh4 64. Kg5 h3 65. Kh4 h2 66. Kg5 Qe5+ 67. Kh6 Qh5+ 68. Kg7 h1=Q 69. Kf6 Qa1+ 70. Ke7 Qa6 71. Kd8 Qh7 72. Ke8 Qa8# 0-1


[Site "https://www.chess.com"]

[Event "Titled Tuesday Blitz July 25 Late 2023"]
[White "Butolo, Alexandru-Mircea"]
[Black "Martins, Bruno Andre Leite"]
[WhiteFideId "1261649"]
[BlackFideId "1942255"]
[WhiteElo "1881"]
[BlackElo "2533"]
[Result "0-1"]
[Round "8"]
[TimeControl "180+2"]
[Date "2023.07.25"]
[WhiteClock "0:00:07"]
[BlackClock "0:01:33"]
[Board "70"]

1. e4 c5 2. Nf3 e6 3. d4 cxd4 4. Nxd4 a6 5. Bd3 d6 6. O-O Be7 7. c4 Nf6 8. Nc3 Nbd7 9. f4 O-O 10. Be3 Qc7 11. Qe2 b6 12. Nf3 Bb7 13. h3 Rac8 14. e5 dxe5 15. Ng5 Bc5 16. Kh1 Bxe3 17. Qxe3 exf4 18. Rxf4 Qe5 19. Qg3 h6 20. Re1 Qxg5 0-1


[Site "https://www.chess.com"]

[Event "Titled Tuesday Blitz July 25 Late 2023"]
[White "Morefield, Jason"]
[Black "Tifferet, Shaked"]
[WhiteFideId "30920825"]
[BlackFideId "2811529"]
[WhiteElo "2736"]
[BlackElo "2486"]
[Result "1-0"]
[Round "8"]
[TimeControl "180+2"]
[Date "2023.07.25"]
[WhiteClock "0:01:05"]
[BlackClock "0:00:00"]
[Board "71"]

1. e4 c5 2. Nf3 e6 3. d4 cxd4 4. Nxd4 Nc6 5. a3 Nxd4 6. Qxd4 Ne7 7. Bd3 d5 8. O-O Nc6 9. Bb5 Bd7 10. Bxc6 Bxc6 11. exd5 Qxd5 12. Qg4 h5 13. Qh3 g5 14. Nc3 Qe5 15. f4 Bc5+ 16. Kh1 g4 17. Qh4 Qg7 18. f5 e5 19. Bg5 Rg8 20. Bf6 Qf8 21. Rfe1 Kd7 22. Rad1+ Kc8 23. Bxe5 b6 24. b4 g3 25. bxc5 gxh2 26. Nd5 Qxc5 27. Ne7+ Kb7 28. Nxc6 Qxc6 29. Qe4 Qxe4 30. Rxe4 Rad8 31. Rxd8 Rxd8 32. Kxh2 Re8 33. Re3 f6 34. Bf4 Rd8 35. Re6 Rd5 36. Rxf6 Rc5 37. Rf7+ Ka6 38. f6 Rxc2 39. Re7 Rc4 40. Bh6 Rh4+ 41. Kg1 1-0


[Site "https://www.chess.com"]